 Dungeon Crawl Stone Soup version 0.20.1-1-g8b1a95d (webtiles) character file.

472 iopi the Chopper (level 6, -3/52 HPs)
             Began as a Minotaur Gladiator on Oct 19, 2017.
             Killed by divine providence
             ... invoked by an orc priest
              (9 damage)
             ... on level 4 of the Dungeon.
             The game lasted 00:31:36 (3323 turns).

iopi the Chopper (Minotaur Gladiator)               Turns: 3323, Time: 00:31:37

Health: -3/52      AC: 13    Str: 19    XL:     6   Next: 83%
Magic:  5/5        EV:  7    Int:  5    God:
Gold:   225        SH:  0    Dex: 13    Spells: 5/5 levels left

rFire    . . .     SeeInvis .   a - +0 war axe
rCold    . . .     Gourm    +   (no shield)
rNeg     . . .     Faith    .   j - +2 plate armour
rPois    .         Spirit   .   c - +0 hat
rElec    .         Reflect  .   (no cloak)
rCorr    .         Harm     .   (no gloves)
MR       .....                  (no boots)
Stlth    ..........             b - amulet of the gourmand
Regen    0.2/turn               k - ring of wizardry
MPRegen  0.1/turn               (no ring)

@: no status effects
A: retaliatory headbutt, horns 2
a: no special abilities


You were on level 4 of the Dungeon.
You were not hungry.

You visited 1 branch of the dungeon, and saw 4 of its levels.

You collected 225 gold pieces.

Inventory:

Hand Weapons
 a - a +0 war axe (weapon)
 p - a +0 blowgun
Missiles
 d - 5 throwing nets (quivered)
Armour
 c - a +0 hat (worn)
 j - a +2 plate armour (worn)
 s - a +0 pair of boots
Jewellery
 b - an amulet of the gourmand (around neck)
 k - a ring of wizardry (left hand)
Wands
 u - a wand of polymorph (5/24)
Scrolls
 f - 2 scrolls of random uselessness {unknown}
 i - 3 scrolls of recharging
 n - 5 scrolls of teleportation
 t - a scroll of enchant weapon {unknown}
Potions
 e - 3 potions of lignification
 g - 2 potions of haste {unknown}
 h - a potion of resistance {unknown}
 l - a potion of berserk rage {unknown}
 m - a potion of might {unknown}
 q - a potion of agility {unknown}
Comestibles
 o - a bread ration
 r - 5 fruits
 v - a meat ration


   Skills:
 + Level 4.3 Fighting
 + Level 7.3 Axes
 + Level 2.0 Throwing
 + Level 3.6 Armour
 + Level 3.8 Dodging


You had 5 spell levels left.
You didn't know any spells.

Dungeon Overview and Level Annotations

Branches:
Dungeon (4/15)
 Temple: D:4-7

Altars:
Kikubaaqudgha


Innate Abilities, Weirdness & Mutations

You reflexively headbutt those who attack you in melee.
You have a pair of horns on your head.


Message History

The orc is almost dead.
You completely miss the iguana. The iguana closely misses you.
You furiously retaliate!
You headbutt the iguana. The orc closely misses you. You furiously retaliate!
You headbutt the orc.
You kill the orc!
The iguana bites you.
* * * LOW HITPOINT WARNING * * *
You hit the iguana.
You kill the iguana!
The orc priest calls down the wrath of Beogh upon you.
Pain shoots through your body!
* * * LOW HITPOINT WARNING * * *
You slash the orc!
You kill the orc!
The orc priest hits you but does no damage.
You hit the orc priest.
The orc priest is lightly wounded.
The orc priest mumbles some strange prayers to Beogh against you.
Beogh smites you!
You die...

.......#########.. ..........$..#
....)............########.......#
###.......##.....#....##....#####
# #........#.....#._≈....⌠..# #
#...)....#.....#...≈......# #
##......#.....#..)≈≈≈≈...# #
#..)...#.....##..≈≈≈≈≈..# #
#......#..).(##..≈≈≈≈...#
#####......##'##@#..≈≈≈≈≈...#
.........#.##.##)o.⌠...≈....#
##########.##.####.........##
#.##.# ####......# #.##.#
######## #.##.# #.##.# #....#
######


You could see an orc priest.

Vanquished Creatures
  A hound (D:4)
  2 orc wizards (D:4)
  A centaur skeleton (D:4)
  Jessica (D:2)
  An iguana (D:4)
  Natasha (thrice) (D:2)
  Terence (D:2)
  10 gnolls
  2 adders
  An ooze (D:2)
  2 dart slugs
  2 leopard geckos (D:3)
  5 orcs
  5 giant cockroaches
  11 goblins
  6 hobgoblins
  10 jackals
  A quokka (D:2)
  2 ball pythons
  4 bats
  4 frilled lizards
  9 kobolds
  10 rats
94 creatures vanquished.

Notes
Turn   | Place    | Note
-------+----------+-------------------------------------------
     0 | D:1      | iopi the Minotaur Gladiator began the quest for the Orb.
     0 | D:1      | Reached XP level 1. HP: 18/18 MP: 0/0
   219 | D:1      | Reached skill level 4 in Axes
   366 | D:1      | Reached XP level 2. HP: 25/25 MP: 1/1
   991 | D:2      | Reached XP level 3. HP: 22/30 MP: 2/2
  1040 | D:2      | Reached skill level 1 in Armour
  1231 | D:2      | Reached skill level 5 in Axes
  1245 | D:2      | Noticed Terence
  1258 | D:2      | Killed Terence
  1258 | D:2      | Reached XP level 4. HP: 31/37 MP: 3/3
  1395 | D:2      | Noticed Jessica
  1401 | D:2      | Killed Jessica
  1416 | D:2      | Noticed Natasha
  1422 | D:2      | Killed Natasha
  1422 | D:2      | Reached XP level 5. HP: 39/45 MP: 4/4
  1607 | D:2      | Noticed Natasha
  1612 | D:2      | Killed Natasha
  1615 | D:2      | Reached skill level 6 in Axes
  1802 | D:2      | Noticed Natasha
  1810 | D:2      | Killed Natasha
  2225 | D:3      | Reached XP level 6. HP: 34/51 MP: 5/5
  2551 | D:3      | Found a faded altar of an unknown god.
  3006 | D:4      | Reached skill level 7 in Axes
  3262 | D:4      | Found an ancient bone altar of Kikubaaqudgha.
  3323 | D:4      | Killed from afar by an orc priest

Skill      XL: |  1  2  3  4  5  6 |
---------------+-------------------+-----
Axes           | 4 5 6 7 |  7.3
Armour         | 1 2 3 |  3.6
Fighting       | 3 4 |  4.3
Throwing       | |  2.0
Dodging        | |  3.8

Action                   |  1- 3 |  4- 6 || total
-------------------------+-------+-------++-------
Melee: War axe           |    85 |   147 ||   232
       Headbutt          |     8 |    18 ||    26
  Use: Scroll            |     3 |     6 ||     9
  Eat: Bread ration      |     1 |     1 ||     2
Armor: Leather armour    |     4 |       ||     4
       Plate armour      |    38 |   116 ||   154
       Chain mail        |    13 |       ||    13
Dodge: Dodged            |    38 |    57 ||    95
